 Dungeon Crawl Stone Soup version 0.17-a0-1093-g0b3cd89 (webtiles) character file.

13 Lugonue the Scratcher (level 2, 0/12 HPs)
             Began as a Felid Transmuter on May 20, 2015.
             Slain by a hobgoblin
             ... wielding a +0 club
              (2 damage)
             ... on level 1 of the Dungeon.
             The game lasted 00:01:03 (185 turns).

Lugonue the Scratcher (Felid Transmuter)             Turns: 185, Time: 00:01:03

Health: 0/12       AC:  1    Str:  6    XL:     2   Next: 24%
Magic:  5/6        EV: 18    Int: 14    God:
Gold:   24         SH:  0    Dex: 16    Spells: 1 memorised, 4 levels left
                                        Lives:  0   Deaths: 0

rFire  . . .     SeeInvis +       - Unarmed
rCold  . . .     Clarity  .     (armour unavailable)
rNeg   . . .     SustAb   .     (shield unavailable)
rPois  .         Gourm    .     (helmet unavailable)
rElec  .         Spirit   .     (cloak unavailable)
rCorr  .         Warding  .     (gloves unavailable)
rMut   .         Stasis   .     (boots unavailable)
MR     .....                    (no amulet)
Stlth  ++........               (no ring)
                                (no ring)

@: appendage (expiring), quick, not resistant to hostile enchantments,
unstealthy
A: no armour, no weapons or thrown items, claws 1, fangs 3, horns 2, see
invisible, carnivore 3, speed 1, shaggy fur 1, slow metabolism 1, sharp paws
a: End Transformation


You were on level 1 of the Dungeon.
You were not hungry.
You had grown temporary horns.
You visited 1 branch of the dungeon, and saw 1 of its levels.

You collected 24 gold pieces.

Inventory:

Missiles
 a - 12 arrows
Scrolls
 d - a scroll of blinking {unknown}
Books
 b - a book of Changes

   Spells                             Type                      Level
   a - Beastly Appendage              Transmutation                1
   b - Sticks to Snakes               Transmutation                2
   c - Spider Form                    Transmutation/Poison         3
   d - Ice Form                       Ice/Transmutation            4
   e - Blade Hands                    Transmutation                5
Comestibles
 c - a meat ration


   Skills:
 + Level 1.0 Fighting
 + Level 3.0 Dodging
 * Level 1.1 Stealth
 + Level 3.1 Unarmed Combat
 * Level 2.3 Spellcasting
 * Level 2.1 Transmutations


You had 4 spell levels left.
You knew the following spells:

 Your Spells              Type           Power        Failure   Level  Hunger
a - Beastly Appendage     Trmt           #.....       12%         1    #......


Dungeon Overview and Level Annotations

Branches:
Dungeon (1/15)

Altars:


Innate Abilities, Weirdness & Mutations

You cannot wear armour.
You are incapable of wielding weapons or throwing items.
You have sharp claws.
You have razor-sharp teeth.
You have supernaturally acute eyesight.
You are carnivorous and can eat meat at any time.
You cover ground quickly.
You are covered in fur (AC +1).
You have a slow metabolism.
Your sharp claws are effective at attacking unaware monsters.
You have a pair of horns on your head.


Message History

A rat comes into view. 2 hobgoblins come into view.
The rat closely misses you.
You closely miss the rat.
The hobgoblin shouts!
The rat closely misses you.
You claw the rat!
You kill the rat!
Your horns disappear.
The hobgoblin shouts!
The hobgoblin closely misses you. The hobgoblin hits you with a club.
* * * LOW HITPOINT WARNING * * *
Casting: Beastly Appendage
Confirm with . or Enter, or press ? or * to list all spells.
You grow a pair of large bovine horns.
Your transformation is almost over.
You closely miss the hobgoblin. The hobgoblin misses you.
You completely miss the hobgoblin. The hobgoblin hits you with a club.
You die...

###'###≈.# #.#. #....# ♣##.#≈#≈.#
#.# #.#.###....# ≈♣#.8♣♣≈.# #.#
#.#...#..).# .#8.#≈#≈.# #.#
#.##.......# .##.###≈.#
#.######....#.....## .++..''..#
#.##......###g..#..###
.##.###≈.###.##.###.####g.###...#
.#8.#≈#≈........###.###...# ###K#
≈♣#.8 ♣≈........@ggg.##.#.## #.#
♣##.# #≈.###.#####.#....#.... #.#
###'###≈.# #.# #.....#...##.#K.
#8...8#≈.# #.. #..##.....##..g.
'.....#≈.# #### #..###.....#....
#8...<#≈## #...# .....#....
#######≈ ....## #...##.... ≈≈
...... ...##.... .......
#####....


You could see 3 hobgoblins.

Vanquished Creatures
  2 adder zombies (D:1)
  A goblin (D:1)
  2 hobgoblins (D:1)
  3 rats (D:1)
8 creatures vanquished.

Notes
Turn   | Place    | Note
--------------------------------------------------------------
     0 | D:1      | Lugonue the Felid Transmuter began the quest for the Orb.
     0 | D:1      | Reached XP level 1. HP: 9/9 MP: 4/4
    57 | D:1      | Reached XP level 2. HP: 12/12 MP: 4/6
    67 | D:1      | Reached skill level 1 in Stealth
   185 | D:1      | Slain by a hobgoblin

Vault maps used:
D:1:      saegor_arrival_fortress, minmay_misc_feat_plants

Action                   || total
-------------------------++-------
Melee: Unarmed           ||    17
 Cast: Beastly Appendage ||     3
 Stab: Sleeping          ||     1
